 Dungeon Sprint DCSS version 0.27-a0-1217-g8a41f320e8 (webtiles) character file.

Game seed: 169591852542707951

3189 mhtbhm the Basher (level 9, -2/92 HPs)
             Began as a Minotaur Berserker on June 5, 2021.
             Was a High Priest of Trog.
             Slain by a ghost moth (3 damage)
             ... called by a spriggan druid
             ... in the Dungeon (Sprint IV: "Fedhas' Mad Dash").
             The game lasted 00:02:45 (2444 turns).

mhtbhm the Basher (Minotaur Berserker)              Turns: 2444, Time: 00:02:45

Health: -2/92      AC:  7    Str: 25      XL:     9   Next: 64%
Magic:  0/2        EV: 11    Int:  2 (4)  God:    Trog [*****.]
Gold:   196        SH:  0    Dex:  8 (10) Spells: 8/8 levels left

rFire    . . .     SeeInvis .   a - +2 dire flail (antimagic)
rCold    . . .     Faith    .   (shield currently unavailable)
rNeg     + . .     Spirit   .   b - +0 scale mail
rPois    .         Reflect  .   (helmet restricted)
rElec    .         Harm     .   (no cloak)
rCorr    .         Rampage  .   (no gloves)
Will     .....     NoTele   +   (no boots)
Stlth    +++.......             k - amulet of invisibility {+Inv}
HPRegen  0.25/turn              o - ring of positive energy
MPRegen  0.08/turn              (no ring)

@: on berserk cooldown, slowed, very slow
A: horns 2, retaliatory headbutt
a: Renounce Religion, Evoke Invisibility, Berserk, Trog's Hand, Brothers in Arms


You were in the Dungeon.
You worshipped Trog.
Trog was extremely pleased with you.
You visited 1 branch You collected 196 gold pieces.

Inventory:

Hand Weapons
 a - a +2 antimagic dire flail (weapon)
Armour
 b - a +0 scale mail (worn)
Jewellery
 k - the amulet of invisibility (around neck) {+Inv}
   (You found it in the Dungeon)

   [amulet of nothing]

   It lets you turn invisible.
 o - a ring of positive energy (left hand)
Scrolls
 h - 2 scrolls of blinking
 i - a scroll of summoning {unknown}
 j - a scroll of identify {unknown}
 m - a scroll of fog {unknown}
Potions
 e - a potion of haste
 f - 3 potions of magic
 g - a potion of berserk rage
 l - a potion of degeneration {unknown}
Miscellaneous
 n - a phantom mirror


   Skills:
 + Level 12.9 Fighting
 + Level 14.7 Maces & Flails
 + Level 6.7 Armour
 + Level 6.2 Dodging
 + Level 9.7 Stealth
 + Level 7.6 Evocations


You had 8 spell levels left.
You didn't know any spells.
Your spell library was empty.

Dungeon Overview and Level Annotations

Branches:
Dungeon (1/1)

Altars:
Cheibriados
Dithmenos
Elyvilon
Gozag
Hepliaklqana
Kikubaaqudgha
Makhleb
Nemelex Xobeh
Okawaru
Qazlal
Ru
Sif Muna
Trog
Uskayaw
Vehumet
Wu Jian
Xom
Yredelemnul
Zin
The Shining One
Beogh
Jiyva
Lugonu

Shops:
D !::[


Innate Abilities, Weirdness & Mutations

You have a pair of horns on your head.
You reflexively headbutt those who attack you in melee.


Message History

You feel you are being watched by something. x2
Something hits you!
You feel dopey.
Deactivating autopickup; reactivate with Ctrl-A.
Something hits you but does no damage.
Something stings you but does no damage.
Unknown command.
You feel you are being watched by something.
Something hits you! Something hits you.
You feel clumsy.
Something stings you but does no damage.
Things that are here:
a +0 quarterstaff; a +0 robe; a spriggan corpse Unknown command.
You feel much better.
You feel you are being watched by something.
Something hits you. x2; Something stings you.
You are poisoned.
Something poisons you! Something hits you!
You feel clumsy. Something hits you.
Something stings you but does no damage.
You feel better.
You feel you are being watched by something.
Something hits you. Something hits you! Something stings you.
You feel you are being watched by something.
Something hits you. Something hits you!
* * * LOW HITPOINT WARNING * * *
You feel dopey. Something stings you.
* * * LOW HITPOINT WARNING * * *
Unknown command.
Your troll goes berserk!
You feel you are being watched by something.
Something hits you.
* * * LOW HITPOINT WARNING * * *
Something hits you!
* * * LOW HITPOINT WARNING * * *
Something stings you.
You die...

..#.....#.⌠._._._._.⌠.#..)...#...
..'.#...'.._._._._._..'..#...#...
..#.#...#..._._._._...#..###'##..
######'##.._._._._._..#..##∩∩.'..
....'...#._._._._._.⌠.###########
....#...###############
♣..######♣♣♣♣♣..♣/#
#####.:'......♣.T♣#
......)#♣..♣♣♣.♣@.#
.......#.♣♣..♣.$.♣+ #########
########


You could see a friendly troll (summoned, berserk).

Vanquished Creatures
  A spriggan druid (D)
  2 oklob plants (D)
  3 burning bushes (D)
  A queen bee (D)
  3 scorpions (D)
  4 killer bees (D)
  5 oklob saplings (D)
  2 spriggans (D)
  3 wandering mushrooms (D)
  A river rat (D)
  A rat (D)
26 creatures vanquished.

Notes
Turn   | Place    | Note
-------+----------+-------------------------------------------
     0 | D        | mhtbhm the Minotaur Berserker began the quest for the Orb.
     0 | D        | Reached XP level 1. HP: 19/19 MP: 0/0
    11 | D        | Reached skill level 4 in Maces & Flails
    11 | D        | Reached XP level 2. HP: 26/28 MP: 1/1
   211 | D        | Noticed an oklob sapling
   212 | D        | Killed an oklob sapling
   212 | D        | Reached ** piety under Trog
   213 | D        | Reached skill level 6 in Maces & Flails
   213 | D        | Reached XP level 3. HP: 37/37 MP: 2/2
   349 | D        | Noticed a scorpion
   350 | D        | Found the amulet of invisibility {+Inv}
   352 | D        | Killed a scorpion
   353 | D        | Reached skill level 7 in Maces & Flails
   353 | D        | Reached XP level 4. HP: 47/47 MP: 3/3
   527 | D        | Reached skill level 8 in Maces & Flails
   575 | D        | Found an opulent altar of Gozag.
   575 | D        | Found a hazy altar of Hepliaklqana.
   575 | D        | Found a burning altar of Makhleb.
   575 | D        | Found a sparkling altar of Nemelex Xobeh.
   575 | D        | Found a snail-covered altar of Cheibriados.
   575 | D        | Found a sacrificial altar of Ru.
   575 | D        | Found a shimmering blue altar of Sif Muna.
   575 | D        | Found a shimmering altar of Xom.
   575 | D        | Found a basalt altar of Yredelemnul.
   576 | D        | Found a viscous altar of Jiyva.
   576 | D        | Found a bloodstained altar of Trog.
   576 | D        | Found an ornate altar of the Wu Jian Council.
   577 | D        | Found an iron altar of Okawaru.
   577 | D        | Found a shadowy altar of Dithmenos.
   577 | D        | Found a glowing silver altar of Zin.
   578 | D        | Found an ancient bone altar of Kikubaaqudgha.
   578 | D        | Found a hide-covered altar of Uskayaw.
   579 | D        | Found a stormy altar of Qazlal.
   579 | D        | Found a white marble altar of Elyvilon.
   579 | D        | Found a glowing golden altar of the Shining One.
   580 | D        | Found a corrupted altar of Lugonu.
   580 | D        | Found a radiant altar of Vehumet.
   588 | D        | Reached skill level 1 in Stealth
   588 | D        | Reached skill level 1 in Evocations
   588 | D        | Reached XP level 5. HP: 56/56 MP: 2/4
   631 | D        | Reached *** piety under Trog
   632 | D        | Reached skill level 9 in Maces & Flails
   791 | D        | Reached skill level 10 in Maces & Flails
   791 | D        | Reached XP level 6. HP: 64/64 MP: 5/5
   791 | D        | Reached **** piety under Trog
   952 | D        | Found Beotrun's Book Shop.
   952 | D        | Found Yvvan's Distillery.
   973 | D        | Noticed a burning bush
   973 | D        | Noticed a wandering mushroom
   974 | D        | Noticed a wandering mushroom
   990 | D        | Reached skill level 10 in Fighting
  1904 | D        | Killed a wandering mushroom
  1905 | D        | Reached skill level 11 in Maces & Flails
  1905 | D        | Reached skill level 5 in Dodging
  1905 | D        | Reached XP level 7. HP: 73/73 MP: 6/6
  1908 | D        | Killed a burning bush
  1909 | D        | Reached skill level 12 in Maces & Flails
  1909 | D        | Reached skill level 5 in Armour
  1909 | D        | Reached skill level 5 in Evocations
  1980 | D        | Found Diceommewoa's Armour Emporium.
  1980 | D        | Found Onulizy's Book Shoppe.
  2051 | D        | Noticed a queen bee
  2055 | D        | Reached ***** piety under Trog
  2062 | D        | Reached skill level 5 in Stealth
  2066 | D        | Killed a queen bee
  2067 | D        | Reached XP level 8. HP: 77/82 MP: 5/7
  2200 | D        | Noticed an oklob plant
  2213 | D        | Killed an oklob plant
  2214 | D        | Reached skill level 13 in Maces & Flails
  2265 | D        | Noticed a burning bush
  2285 | D        | Killed a burning bush
  2322 | D        | Noticed a burning bush
  2322 | D        | Noticed an oklob plant
  2323 | D        | Noticed a wandering mushroom
  2334 | D        | Killed a burning bush
  2335 | D        | Reached XP level 9. HP: 75/90 MP: 6/8
  2345 | D        | Killed an oklob plant
  2346 | D        | Reached skill level 14 in Maces & Flails
  2351 | D        | Killed a wandering mushroom
  2351 | D        | Received a gift from Trog
  2412 | D        | Noticed a spriggan druid
  2422 | D        | Killed a spriggan druid
  2444 | D        | HP: 1/92 [something (11)]
  2444 | D        | Slain by a ghost moth

Illustrated notes

Levels and vault maps discovered:
D:        dungeon_sprint_fedhas [sprint_temple]

Skill      XL: |  1  2  3  4  5  6  7  8  9 |
---------------+----------------------------+-----
Fighting       | 4 6 7 8 9 10 11 12 | 12.9
Maces & Flails | 4 6 7 8 10 11 12 13 14 | 14.7
Armour         | 3 4 5 6 |  6.7
Dodging        | 3 4 5 6 |  6.2
Stealth        | 1 2 3 5 7 9 |  9.7
Evocations     | 1 2 4 6 7 |  7.6

Action                   |  1- 3 |  4- 6 |  7- 9 || total
-------------------------+-------+-------+-------++-------
Melee: Mace              |     8 |    29 |    63 ||   100
       Headbutt          |     1 |    12 |    20 ||    33
       Dire flail        |       |       |     9 ||     9
Invok: Berserk           |     3 |     5 |     3 ||    11
       Brothers in Arms  |       |       |     1 ||     1
 Abil: Evoke Invisibilit |       |     4 |     3 ||     7
  Use: Potion            |       |       |     2 ||     2
 Stab: Invisible         |       |     2 |    12 ||    14
       Sleeping          |       |     1 |     2 ||     3
Armor: Animal skin       |     2 |     1 |       ||     3
       Scale mail        |       |       |     8 ||     8
Dodge: Dodged            |     4 |     5 |     6 ||    15

Table legend: (Time is in decaauts)
 A = Elapsed time spent in this place.
 B = Non-inter-level travel time spent in this place.
 C = Inter-level travel time spent in this place.
 D = Time resting spent in this place.
 E = Time spent auto-exploring this place.
 F = Levels seen in this place.
 G = Mean time per level.
                   A        B        C        D        E       F      G
               +--------+--------+--------+--------+--------+-----+--------+
         Total |   2513 |   2513 |      0 |   2087 |      3 |   1 | 2513.0 |
       Dungeon |   2513 |   2513 |      0 |   2087 |      3 |   1 | 2513.0 |
               +--------+--------+--------+--------+--------+-----+--------+

Top non-repeatable levels by time:
       D: 2513 daAuts
